 Dungeon Crawl Stone Soup version 0.19.1 (webtiles) character file.

14427 HelpMeObiWan the Cleaver (level 11, -1/154 (156) HPs)
             Began as a Minotaur Berserker on Dec 7, 2016.
             Was an Elder of Trog.
             Slain by a freezing wraith (9 damage)
             ... led by a death knight
             ... on level 11 of the Dungeon.
             The game lasted 00:20:45 (12238 turns).

HelpMeObiWan the Cleaver (Minotaur Berserker)      Turns: 12238, Time: 00:20:46

HP:   -1/154 (156)  AC: 11    Str: 29    XL:     11   Next: 88%
MP:   0/10          EV: 15    Int:  4    God:    Trog [****..]
Gold: 658           SH:  0    Dex: 13    Spells: 0 memorised, 10 levels left

rFire  . . .     SeeInvis +     T - +3 war axe (freeze)
rCold  . . .     Gourm    .     N - +3 scale mail of Pleasant Breezes {rPois Str+2}
rNeg   . . .     Faith    .     (no shield)
rPois  +         Spirit   +     (helmet restricted)
rElec  .         Reflect  .     (no cloak)
rCorr  .         Harm     .     (no gloves)
MR     .....                    (no boots)
Stlth  ..........               H - amulet of guardian spirit
                                (no ring)
                                R - ring of see invisible

@: berserking, vulnerable, slowed
A: retaliatory headbutt, horns 2
a: Berserk, Trog's Hand, Brothers in Arms, Burn Spellbooks, Renounce Religion


You were on level 11 of the Dungeon.
You worshipped Trog.
Trog was greatly pleased with you.
You were near starving.

You visited 2 branches of the dungeon, and saw 12 of its levels.
You also visited: Sewer, Ossuary and Bailey.

You collected 706 gold pieces.
You spent 48 gold pieces at shops.

Inventory:

Hand Weapons
 Q - a +2 hand axe of flaming
 T - a +3 war axe of freezing (weapon)
Missiles
 y - 4 poisoned javelins (quivered)
 L - 8 javelins of returning
Armour
 N - the +3 scale mail of Pleasant Breezes (worn) {rPois Str+2}
   (You found it in a bailey)

   It affects your strength (+2).
   It protects you from poison.
Jewellery
 b - a +4 amulet of reflection
 e - an uncursed ring of wizardry
 f - a cursed amulet of inaccuracy {unknown}
 g - an uncursed ring of ice
 H - an amulet of guardian spirit (around neck)
 R - a ring of see invisible (left hand)
Wands
 n - a wand of iceblast (10/15)
 r - a wand of iceblast (9/15)
 E - a wand of iceblast (2/15)
 I - a wand of hasting (6/9)
 K - a wand of slowing (27/48)
Scrolls
 d - a scroll of remove curse
 h - 5 scrolls of enchant armour
 j - a scroll of fear {unknown}
 k - 2 scrolls of magic mapping
 p - 4 scrolls of enchant weapon {unknown}
 q - 3 scrolls of amnesia {unknown}
 s - 3 scrolls of blinking {unknown}
 v - 8 scrolls of teleportation
 w - 3 scrolls of immolation {unknown}
 z - 2 scrolls of silence
 F - 2 scrolls of recharging {unknown}
 J - a scroll of torment {unknown}
 M - a scroll of acquirement
 P - 3 scrolls of fog
Potions
 a - 2 potions of invisibility {unknown}
 i - 3 potions of magic
 l - 9 potions of curing
 o - 3 potions of lignification
 t - 3 potions of flight
 x - 4 potions of cure mutation
 A - 3 potions of brilliance
 B - 3 potions of haste
 D - a potion of resistance
 O - 2 potions of might
Comestibles
 c - 4 bread rations
 m - 8 meat rations
 u - 15 fruits
 C - 8 slices of pizza
 G - 2 beef jerkies
 S - a chunk of flesh


   Skills:
 + Level 12.0 Fighting
 - Level 14.5 Axes
 + Level 10.1 Armour
 + Level 8.7 Dodging
 * Level 1.1 Evocations


You had 10 spell levels left.
You didn't know any spells.

Dungeon Overview and Level Annotations

Branches:
Dungeon (11/15)            Temple (1/1) D:7             Orc (0/2) D:10
   Lair: D:8-11

Altars:
Ashenzari
Cheibriados
Dithmenos
Elyvilon
Fedhas
Gozag
Hepliaklqana
Kikubaaqudgha
Makhleb
Nemelex Xobeh
Okawaru
Qazlal
Ru
Sif Muna
Trog
Uskayaw
Vehumet
Xom
Yredelemnul
Zin
The Shining One

Shops:
D:6 ((   D:10 ?


Innate Abilities, Weirdness & Mutations

You reflexively headbutt those who attack you in melee.
You have a pair of horns on your head.


Message History

You kill the orc!
Trog accepts your kill. The phantasmal warrior hits you!
Your magical defenses are stripped away!
You hit the freezing wraith. You headbutt the freezing wraith.
The freezing wraith is almost destroyed.
You slash the phantasmal warrior! You freeze the phantasmal warrior.
The freezing wraith hits you! The freezing wraith freezes you!!
* * * LOW HITPOINT WARNING * * *
The freezing wraith closely misses you.
You completely miss the phantasmal warrior.
The phantasmal warrior is moderately damaged.
You barely miss the freezing wraith.
The phantasmal warrior hits you but does no damage.
The freezing wraith hits you!
* * * LOW HITPOINT WARNING * * *
The freezing wraith freezes you!!
* * * LOW HITPOINT WARNING * * *
The freezing wraith hits you!
You die...

#.####..# ######........
###.#.......(...#
##..#...#######..
..#...#.^### #
#...#...#..####.#
..#...#...#..#..#
#...#.W)#...#...#
..#...#@W.#...#..
#...#...#...#...#
..#...#...#...#.# # .
#...#...#...#...#..
..#...#...#...#...#.....
#...#...#...#...#........ #
..#...#...#...#...#.#.P..
..#...#...#...#...#........
#...#...#...#...#)..#....PP


You could see a phantasmal warrior and a freezing wraith.

Vanquished Creatures
  Josephine (D:10)
  Erolcha (D:10)
  A hydra (D:8)
  An orc high priest (Bailey)
  An unseen horror (D:10)
  A phantasmal warrior (D:11)
  An orc sorcerer (Bailey)
  Maurice (D:9)
  Psyche (D:8)
  A freezing wraith (D:11)
  2 dream sheep (D:8)
  3 hippogriffs
  6 wraiths
  2 yaks (D:8)
  A wyvern (D:10)
  A hungry ghost (D:8)
  2 wargs (D:10)
  A water moccasin (D:8)
  2 black bears
  3 sky beasts
  13 orc warriors
  3 ice beasts
  A necrophage (D:9)
  4 phantoms
  7 ogres
  A crocodile (D:8)
  2 centaurs (D:10)
  5 big kobolds
  5 bullfrogs
  A wyvern skeleton (D:8)
  2 scorpions (D:10)
  4 killer bees (D:7)
  7 wights
  5 electric eels (Bailey)
  5 howler monkeys
  2 bullfrog zombies
  A quasit (D:9)
  3 crimson imps
  3 jellies (D:8)
  5 orc priests
  5 hounds
  A bullfrog skeleton (D:9)
  3 centaur skeletons
  2 iguanas
  Jessica (D:3)
  5 orc wizards
  2 worker ants
  A hound zombie (D:9)
  A hound skeleton (D:8)
  A worker ant zombie (D:9)
  8 gnolls
  16 adders
  5 shadow imps
  12 oozes (Sewer)
  An adder zombie (Ossuary)
  An adder skeleton (D:9)
  A worm (D:4)
  2 dart slugs
  27 leopard geckos
  36 orcs
  16 giant cockroaches
  17 goblins
  17 hobgoblins
  10 jackals
  6 quokkas
  14 ball pythons (Sewer)
  2 ball python skeletons (Ossuary)
  7 bats
  9 frilled lizards
  2 hobgoblin skeletons (Ossuary)
  A hobgoblin zombie (Ossuary)
  18 kobolds
  An orc skeleton (Ossuary)
  2 quokka skeletons
  12 rats
377 creatures vanquished.

Vanquished Creatures (others)
  A bush (D:11)
1 creature vanquished.

Grand Total: 378 creatures vanquished

Notes
Turn   | Place    | Note
-------+----------+-------------------------------------------
     0 | D:1      | HelpMeObiWan the Minotaur Berserker began the quest for the Orb.
     0 | D:1      | Reached XP level 1. HP: 19/19 MP: 0/0
    27 | D:1      | Reached XP level 2. HP: 27/27 MP: 1/1
    66 | D:1      | Reached skill level 4 in Axes
   516 | D:1      | Reached XP level 3. HP: 30/34 MP: 2/2
   652 | D:1      | Reached ** piety under Trog
  1603 | D:3      | Noticed Jessica
  1608 | D:3      | Killed Jessica
  1608 | D:3      | Reached skill level 5 in Axes
  1608 | D:3      | Reached XP level 4. HP: 41/41 MP: 3/3
  1980 | D:3      | Found a stormy altar of Qazlal.
  1980 | D:3      | Found a bloodstained altar of Trog.
  2059 | D:3      | Reached *** piety under Trog
  2072 | D:3      | Reached XP level 5. HP: 42/47 MP: 4/4
  2100 | D:3      | Found a shadowy altar of Dithmenos.
  2254 | D:3      | Found a glowing drain.
  2258 | Sewer    | Entered a sewer
  2328 | Sewer    | Reached skill level 6 in Axes
  2979 | Sewer    | Reached skill level 5 in Fighting
  3097 | Sewer    | Reached XP level 6. HP: 41/56 MP: 5/5
  3378 | Sewer    | Received a gift from Trog
  3911 | D:3      | Found a burning altar of Makhleb.
  4077 | D:3      | Reached skill level 7 in Axes
  4322 | D:4      | Reached XP level 7. HP: 56/62 MP: 6/6
  4593 | D:4      | Reached skill level 5 in Dodging
  5221 | D:5      | Entered Level 5 of the Dungeon
  5377 | D:5      | Reached skill level 8 in Axes
  5525 | D:5      | Found a deep blue altar of Sif Muna.
  5526 | D:5      | Reached XP level 8. HP: 71/71 MP: 7/7
  6158 | D:6      | Found Caymix's Weapon Boutique.
  6166 | D:6      | Found a sand-covered staircase.
  6170 | D:6      | Reached skill level 9 in Axes
  6185 | Ossuary  | Entered an ossuary
  6224 | Ossuary  | Reached **** piety under Trog
  6284 | Ossuary  | Noticed a flying skull
  6290 | Ossuary  | Noticed a flying skull
  6330 | Ossuary  | Noticed a flying skull
  6374 | Ossuary  | Noticed a flying skull
  6468 | D:6      | Reached skill level 10 in Axes
  6471 | D:6      | Reached XP level 9. HP: 68/81 MP: 8/8
  6544 | D:6      | Found Qiuts's Antique Weapon Shoppe.
  6830 | D:7      | Found a staircase to the Ecumenical Temple.
  6898 | D:7      | Found an ancient bone altar of Kikubaaqudgha.
  6908 | D:7      | Reached skill level 5 in Armour
  7302 | D:7      | Noticed a hand axe
  7302 | D:7      | Noticed a dagger
  7310 | D:7      | Found a hide-covered altar of Uskayaw.
  7364 | D:7      | Reached skill level 11 in Axes
  7451 | D:7      | Found a faded altar of an unknown god.
  7451 | D:7      | Found a faded altar of an unknown god.
  7456 | D:7      | Found a faded altar of an unknown god.
  7458 | D:7      | Found a sparkling altar of Nemelex Xobeh.
  7460 | D:7      | Found a faded altar of an unknown god.
  7499 | Temple   | Entered the Ecumenical Temple
  7815 | D:8      | Found a flagged portal.
  7838 | D:8      | Noticed Psyche
  7847 | D:8      | Killed Psyche
  7866 | Bailey   | Entered a bailey
  8290 | Bailey   | Reached XP level 10. HP: 75/91 MP: 9/9
  8464 | Bailey   | Noticed an orc high priest
  8464 | Bailey   | Noticed an orc sorcerer
  8466 | Bailey   | Noticed a sixfirhy
  8470 | Bailey   | Killed an orc sorcerer
  8476 | Bailey   | Noticed a rust devil
  8476 | Bailey   | Found an iron altar of Okawaru.
  8479 | Bailey   | Killed an orc high priest
  8479 | Bailey   | Reached skill level 12 in Axes
  8758 | Bailey   | Received a gift from Trog
  8830 | Bailey   | Got a dazzling scale mail
  8841 | Bailey   | Identified the +3 scale mail of Pleasant Breezes {rPois Str+2} (You found it in a bailey)
  9617 | D:8      | Found an opulent altar of Gozag.
  9630 | D:8      | Reached skill level 10 in Fighting
 10009 | D:8      | Reached skill level 13 in Axes
 10041 | D:8      | Noticed a three-headed hydra
 10045 | D:8      | Killed a one-headed hydra
 10045 | D:8      | Reached XP level 11. HP: 72/101 MP: 10/10
 10782 | D:9      | Noticed Maurice
 10795 | D:9      | Killed Maurice
 11196 | D:10     | Entered Level 10 of the Dungeon
 11207 | D:10     | Noticed an unseen horror
 11219 | D:10     | Killed an unseen horror
 11456 | D:10     | Found a staircase to the Orcish Mines.
 11720 | D:10     | Found Heschogism's Magic Scroll Shoppe.
 11721 | D:10     | Noticed Erolcha
 11726 | D:10     | Reached skill level 14 in Axes
 11730 | D:10     | Killed Erolcha
 11737 | D:10     | Bought a scroll of teleportation for 48 gold pieces
 11914 | D:10     | Noticed Josephine
 11926 | D:10     | Killed Josephine
 12136 | D:11     | Reached skill level 10 in Armour
 12142 | D:11     | Received a gift from Trog
 12201 | D:11     | Noticed a phantasmal warrior
 12203 | D:11     | Noticed a death knight
 12206 | D:11     | Killed a phantasmal warrior
 12210 | D:11     | Noticed a phantasmal warrior
 12233 | D:11     | Reached skill level 1 in Evocations
 12238 | D:11     | Slain by a freezing wraith

Skill      XL: |  1  2  3  4  5  6  7  8  9 10 11 |
---------------+----------------------------------+-----
Fighting       | 4 5 6 8 9 10 12 | 12.0
Axes           | 4 5 6 7 8 10 11 13 14 | 14.5
Dodging        | 3 4 5 6 7 8 |  8.7
Armour         | 4 7 8 10 | 10.1
Evocations     | 1 |  1.1

Action                   |  1- 3 |  4- 6 |  7- 9 | 10-12 || total
-------------------------+-------+-------+-------+-------++-------
Melee: Hand axe          |    82 |   242 |   273 |   382 ||   979
       Headbutt          |    10 |    21 |    74 |   103 ||   208
       War axe           |       |       |       |    18 ||    18
Throw: Javelin           |       |       |     1 |       ||     1
Invok: Berserk           |     1 |     4 |     8 |     5 ||    18
       Trog's Hand       |     1 |     3 |    15 |     9 ||    28
       Burn Spellbooks   |       |       |       |     1 ||     1
  Use: Scroll            |       |       |    19 |     5 ||    24
 Stab: Sleeping          |       |     2 |     2 |       ||     4
  Eat: Chunk             |     2 |    16 |    21 |    19 ||    58
       Beef jerky        |       |       |     1 |     1 ||     2
       Pizza             |       |       |     1 |       ||     1
Armor: Animal skin       |    20 |    44 |     6 |       ||    70
       Ring mail         |       |       |    33 |     3 ||    36
       Scale mail        |       |       |       |    83 ||    83
Dodge: Dodged            |    44 |   176 |   166 |   184 ||   570
Block: Other             |       |       |    10 |    13 ||    23
